 Dungeon Crawl Stone Soup version 0.28-a0-128-gcbb86046cc (webtiles) character file.

Game seed: 9133029827416845596

183 spiderkeys the Conjurer (level 5, -1/35 HPs)
             Began as a Demonspawn Conjurer on Aug 16, 2021.
             Was a Believer of Fedhas.
             Slain by Edmund (9 damage)
             ... on level 4 of the Dungeon.
             The game lasted 00:06:27 (2909 turns).

spiderkeys the Conjurer (Demonspawn Conjurer)       Turns: 2909, Time: 00:06:28

Health: -1/35      AC:  4    Str:  8    XL:     5   Next: 35%
Magic:  2/10       EV: 12    Int: 20    God:    Fedhas [**....]
Gold:   208        SH:  0    Dex: 11    Spells: 8/11 levels left

rFire   . . .      SeeInvis .   (no weapon)
rCold   . . .      Faith    .   (no shield)
rNeg    . . .      Spirit   .   a - +0 robe
rPois   +          Reflect  .   (no helmet)
rElec   .          Harm     +   i - scarf {harm}
rCorr   .          Rampage  .   (no gloves)
Will    .....                   (no boots)
Stlth   ++........              (no amulet)
HPRegen 0.11/turn               L - ring of flight
MPRegen 0.12/turn               P - ring of poison resistance

@: about to teleport, flying, very slightly contaminated
A: claws 1, icy blue scales 1, foul stench 1, demonic magic 1
a: Renounce Religion, Wall of Briars


You were on level 4 of the Dungeon.
You worshipped Fedhas.
Fedhas was pleased with you.
You visited 1 branch of the dungeon, and saw 4 of its levels.

You collected 208 gold pieces.


Innate Abilities, Weirdness & Mutations

You have sharp fingernails.
You are partially covered in icy blue scales. (AC +2)
You may rarely emit foul miasma when damaged in melee.
Spells you cast may paralyse adjacent enemies.


   Skills:
 - Level 1.7 Dodging
 - Level 1.7 Stealth
 + Level 3.9 Spellcasting
 + Level 5.5 Conjurations


You had 8 spell levels left.
You knew the following spells:

 Your Spells              Type           Power      Damage    Failure   Level
m - Magic Dart            Conj           100%       1d8       1%          1
s - Searing Ray           Conj           52%        3d5       1%          2

Your spell library contained the following spells:

 Spells                   Type           Power      Damage    Failure   Level
 Sandblast                Erth           6%         2d5       13%         1
 Summon Small Mammal      Summ           12%        N/A       13%         1
 Dazzling Flash           Conj/Hex       28%        N/A       13%         3
 Passwall                 Tmut/Erth      2%         N/A       21%         2
 Call Canine Familiar     Summ           3%         N/A       36%         3
 Summon Guardian Golem    Hex/Summ       3%         N/A       36%         3
 Fulminant Prism          Conj/Hex       7%         3d7       38%         4
 Iskenderun's Mystic Bla  Conj/Tloc      14%        2d5       38%         4
 Cause Fear               Hex            1%         N/A       78%         4
 Lee's Rapid Deconstruct  Erth           1%         3d5*      98%         5
 Dragon Form              Tmut           1%         N/A       100%        7
 Dragon's Call            Summ           1%         N/A       100%        9

Inventory:

Hand Weapons
 f - a +1 mace
   (You found it on level 1 of the Dungeon)
Missiles
 b - 8 javelins
 c - 64 stones
 d - 91 arrows
 h - 2 curare-tipped darts {=f}
 n - 4 boomerangs
Armour
 a - a +0 robe (worn)
 i - a scarf of harm (worn)
   (You found it on level 2 of the Dungeon)
Jewellery
 L - a ring of flight (left claw)
   (You found it on level 2 of the Dungeon)
 P - a ring of poison resistance (right claw)
   (You found it on level 3 of the Dungeon)
Potions
 g - 2 potions of curing {@q1}
 l - a potion of degeneration {unknown}

Dungeon Overview and Level Annotations

Branches:
Dungeon (4/15)
 Temple: D:4-7

Altars:
Fedhas

Annotations:
D:4 Edmund, Grinder

### #. ... ### .. #.#
.(. #.##.# . ..((
#.##.#####..# .....
#..........### #...
#..........#.$ #(.
#.#..#####.#.##@#
#.#.)# ##.#.#@.###..
###....##
#..#..5.......
........#
#..#..........
###.#.#.#
#...###.####.#
###.#.#.# #..## .# #
....#.#.# #.## .#
###.#.#.###.#####.###
#.#................
#[........#####.###


You could see Edmund (very poisoned, slow) and Grinder.


Message History

Throw: 7 darts (curare) {=f}
Press: ? - help, Shift-Dir - straight line, f - Edmund
Aim: Edmund, wielding a +3 flail of protection and wearing a +1 leather armour of cold resistance (54% to hit)
You throw a curare-tipped dart {=f}.
The curare-tipped dart {=f} completely misses Edmund.
Throw: 6 darts (curare) {=f}
Press: ? - help, Shift-Dir - straight line, f/p - Edmund
Aim: Edmund, wielding a +3 flail of protection and wearing a +1 leather armour of cold resistance (54% to hit)
You throw a curare-tipped dart {=f}.
The curare-tipped dart {=f} closely misses Edmund.
The searing ray hits the quokka!
You kill the quokka!
Fedhas appreciates your contribution to the ecosystem. (Press . to maintain the ray.) Malevolent energies surge around you.
Grinder comes into view. 😎 MP[-2]
You lost 2 mp, and now have 8/10 mp.
Casting: Searing Ray (safe; 1% risk of failure)
Confirm with . or Enter, or press ? or * to list all spells.
Restarting spell: Searing Ray (safe; 1% risk of failure)
Press: ? - help, Shift-Dir - straight line, f - Grinder
Aim: Grinder (wandering, hasn't noticed you, 77% to hit)
The searing ray hits the ball python!
You kill the ball python!
Fedhas appreciates your contribution to the ecosystem.
The searing ray hits Edmund.
The searing ray misses Grinder. (Press . to maintain the ray.) Malevolent energies surge around you.
Grinder shouts!
Grinder blinks! 😎 MP[-2]
You lost 2 mp, and now have 6/10 mp.
The searing ray hits Edmund! 😎 MP[-1]
You lost 1 mp, and now have 5/10 mp.
The searing ray hits Edmund.
Edmund drinks a potion.
Edmund is healed! 😎 MP[-1]
You lost 1 mp, and now have 4/10 mp.
The searing ray hits Edmund!
You finish channeling your searing ray.
Edmund barely misses you.
A scorpion comes into view. 😎 MP[-1]
You lost 1 mp, and now have 3/10 mp.
Casting: Searing Ray (safe; 1% risk of failure)
Confirm with . or Enter, or press ? or * to list all spells.
Aiming: Searing Ray (safe; 1% risk of failure)
Press: ? - help, Shift-Dir - straight line, f - Edmund, p - Grinder
Aim: Edmund, wielding a +3 flail of protection and wearing a +1 leather armour of cold resistance (severely wounded, 79% to hit)
You miscast Searing Ray.
You are very lightly contaminated with residual magic.
Nothing appears to happen.
Edmund misses you.
Grinder blinks! 😎 MP[-2]
You lost 2 mp, and now have 1/10 mp.
Edmund drinks a potion.
Edmund is healed!
Grinder hits you.
You writhe in agony. 😮 HP[-11]
You take 11 damage, and now have 24/35 hp.
MASSIVE DAMAGE!! (PAUSE) Throw: 5 darts (curare) {=f}
Press: ? - help, Shift-Dir - straight line, f/p - Edmund
Aim: Edmund, wielding a +3 flail of protection and wearing a +1 leather armour of cold resistance (heavily wounded, 54% to hit)
You throw a curare-tipped dart {=f}.
The curare-tipped dart {=f} barely misses Edmund.
The curare-tipped dart {=f} hits the scorpion.
The scorpion is poisoned.
The scorpion convulses.
The scorpion seems to slow down.
Edmund barely misses you.
Grinder hits you but does no damage. 😮 MP[+1] Throw: 4 darts (curare) {=f}
Press: ? - help, Shift-Dir - straight line, f/p - Edmund
Aim: Edmund, wielding a +3 flail of protection and wearing a +1 leather armour of cold resistance (heavily wounded, 54% to hit)
You throw a curare-tipped dart {=f}.
The curare-tipped dart {=f} closely misses Edmund.
The curare-tipped dart {=f} barely misses the scorpion.
Edmund hits you with a +3 flail of protection.
Grinder misses you. 😮 HP[-2]
You take 2 damage, and now have 22/35 hp.
Throw: 3 darts (curare) {=f}
Press: ? - help, Shift-Dir - straight line, f/p - Edmund
Aim: Edmund, wielding a +3 flail of protection and wearing a +1 leather armour of cold resistance (heavily wounded, 54% to hit)
You throw a curare-tipped dart {=f}.
The curare-tipped dart {=f} hits Edmund.
Edmund is poisoned.
Edmund convulses.
Edmund seems to slow down.
Edmund hits you with a +3 flail of protection!
* * * LOW HITPOINT WARNING * * *
Grinder blinks! 😱 HP[-14]
You take 14 damage, and now have 8/35 hp.
MASSIVE DAMAGE!! (PAUSE)
As you read the scroll of teleportation {@r4}, it crumbles to dust.
You feel strangely unstable.
You kill the scorpion!
Fedhas appreciates your contribution to the ecosystem.
Edmund hits you with a +3 flail of protection!
You die...
Fedhas appreciates your contribution to the ecosystem.

Skill      XL: |  1  2  3  4 |
---------------+-------------+-----
Spellcasting   | 3 |  3.9
Conjurations   | 5 |  5.5
Dodging        | |  1.7
Stealth        | |  1.7

Action                   |  1- 3 |  4- 6 || total
-------------------------+-------+-------++-------
Melee: Unarmed           |    19 |    18 ||    37
Throw: Dart              |       |     6 ||     6
 Cast: Magic Dart        |    13 |       ||    13
       Searing Ray       |     8 |    17 ||    25
  Use: Scroll            |       |     8 ||     8
Armor: Robe              |     8 |     5 ||    13
Dodge: Dodged            |    18 |    15 ||    33

Levels and vault maps discovered:
D:1:      dpeg_arrival_boxorama, layout_basic,
          dreamdust_ecumenical_altar_angels_and_demons, minmay_splitting_lines
D:2:      layout_loops_ring, uniq_natasha
D:3:      layout_loops_ring, mainiacjoe_overflow_alcove_1
D:4:      cheibrodos_thug_alley, layout_loops_ring, minmay_cut_off,
          uniq_menkaure, uniq_edmund, uniq_grinder

Notes
Turn   | Place    | Note
-------+----------+-------------------------------------------
     0 | D:1      | spiderkeys the Demonspawn Conjurer began the quest for the
                  | Orb.
     0 | D:1      | Reached XP level 1. HP: 13/13 MP: 3/3
     0 | D:1      | magus.rc [v1.9.10]
    42 | D:1      | You pick up a book of the Dragon and begin reading...
    42 | D:1      | You add the spells Cause Fear, Dragon Form and Dragon's
                  | Call to your library.
   393 | D:1      | Gained mutation: You may rarely emit foul miasma when
                  | damaged in melee. [demonic ancestry]
   393 | D:1      | Reached XP level 2. HP: 19/19 MP: 0/5
   546 | D:1      | Learned a level 2 spell: Searing Ray
   732 | D:1      | Found a faded altar of an unknown god.
   761 | D:1      | Became a worshipper of Fedhas Madash
   761 | D:1      | Reached * piety under Fedhas
  1097 | D:2      | You pick up a book of Callings and begin reading...
  1097 | D:2      | You add the spells Summon Small Mammal, Call Canine
                  | Familiar and Summon Guardian Golem to your library.
  1197 | D:2      | Noticed Natasha
  1200 | D:2      | Noticed a crimson imp
  1201 | D:2      | Killed Natasha
  1202 | D:2      | Gained mutation: You have sharp fingernails. [demonic
                  | ancestry]
  1202 | D:2      | Reached XP level 3. HP: 24/24 MP: 1/7
  1483 | D:2      | Noticed Natasha
  1485 | D:2      | Killed Natasha
  1486 | D:2      | Reached skill level 3 in Spellcasting
  1486 | D:2      | Gained mutation: Spells you cast may paralyse adjacent
                  | enemies. [demonic ancestry]
  1486 | D:2      | Reached XP level 4. HP: 30/30 MP: 4/8
  1786 | D:2      | Reached skill level 5 in Conjurations
  1990 | D:3      | You pick up a book of Geomancy and begin reading...
  1990 | D:3      | You add the spells Sandblast, Passwall and Lee's Rapid
                  | Deconstruction to your library.
  2114 | D:3      | Found a blossoming altar of Fedhas.
  2340 | D:3      | Gained mutation: You are partially covered in icy blue
                  | scales. (AC +2) [demonic ancestry]
  2340 | D:3      | Reached XP level 5. HP: 35/35 MP: 10/10
  2363 | D:3      | Reached ** piety under Fedhas
  2895 | D:4      | Noticed Edmund
  2899 | D:4      | Noticed Grinder
  2908 | D:4      | HP: 8/35 [Edmund (14)]
  2909 | D:4      | Slain by Edmund

Vanquished Creatures
  A scorpion (D:4)
  Natasha (twice) (D:2)
  6 gnolls (D:3)
  3 adders
  2 worms (D:2)
  An orc (D:3)
  2 bats (D:1)
  3 endoplasms
  A giant cockroach (D:1)
  6 goblins
  4 hobgoblins
  2 jackals (D:1)
  4 kobolds
  A quokka (D:4)
  3 ball pythons
  3 frilled lizards
  A rat (D:3)
45 creatures vanquished.

Table legend:
 A = Non-vault XP
 B = Vault XP
 C = Vault XP percentage of total XP
 D = Non-vault monster count
 E = Vault monster count
 F = Vault count percentage of total count
                 A         B        C        D         E       F
            +---------+---------+-------+---------+---------+-------
      Total |     226 |     119 |  34.5 |      43 |       2 |   4.4
            +---------+---------+-------+---------+---------+-------
        D:1 |      21 |       0 |   0.0 |      12 |       0 |   0.0
        D:2 |      66 |      36 |  35.3 |      10 |       1 |   9.1
        D:3 |     134 |       0 |   0.0 |      18 |       0 |   0.0
        D:4 |       5 |      83 |  94.3 |       3 |       1 |  25.0
            +---------+---------+-------+---------+---------+-------

Illustrated notes

Table legend:
 A = Kills in this place as a percentage of kills in entire the game.
 B = Kills by you in this place as a percentage of kills by you in the entire game.
 C = Kills by friends in this place as a percentage of kills by friends in the entire game.
 D = Other kills in this place as a percentage of other kills in the entire game.
 E = Experience gained in this place as a percentage of experience gained in the entire game.
 F = Experience gained in this place divided by the number of levels of this place that you have seen.
                   A       B       C       D       E      F
               +-------+-------+-------+-------+-------+----------------------
         Total | 100.0 | 100.0 |   N/A |   N/A | 100.0 |  86.2
       Dungeon | 100.0 | 100.0 |   N/A |   N/A | 100.0 |  86.2
               +-------+-------+-------+-------+-------+----------------------

Table legend: (Time is in decaauts)
 A = Elapsed time spent in this place.
 B = Non-inter-level travel time spent in this place.
 C = Inter-level travel time spent in this place.
 D = Time resting spent in this place.
 E = Time spent auto-exploring this place.
 F = Levels seen in this place.
 G = Mean time per level.
                   A        B        C        D        E       F      G
               +--------+--------+--------+--------+--------+-----+--------+
         Total |   2906 |   2841 |     65 |    133 |   2434 |   4 |  726.5 |
       Dungeon |   2906 |   2841 |     65 |    133 |   2434 |   4 |  726.5 |
               +--------+--------+--------+--------+--------+-----+--------+

Top non-repeatable levels by time:
     D:3: 1002 daAuts
     D:1: 919 daAuts
     D:2: 915 daAuts
     D:4: 68 daAuts
